TOP OF THE 1ST |
Portland Cards batting - Pitching for Chicago Machine : RHP Geoffrey Keller
|
Pitching: RHP Geoffrey Keller
|
|
Batting: LHB John Cotton
|
0-0: Ball 1-0: Ball 2-0: Foul Ball, location: 2F 2-1: Ground out 3-1 (Groundball, 34)
|
Batting: LHB Keith Beard
|
0-0: Called Strike 0-1: Ball 1-1: Ball 2-1: Called Strike 2-2: Ground out 4-3 (Groundball, 4M)
|
Batting: LHB Jeff Daniels
|
0-0: Ball 1-0: Ball 2-0: Ball 3-0: SINGLE (Groundball, 3S)
|
Batting: LHB Paul Mullins
|
0-0: Ground out 4-3 (Groundball, 4)
|
Top of the 1st over - 0 run(s), 1 hit(s), 0 error(s), 1 left on base; Portland 0 - Chicago 0 |
BOTTOM OF THE 1ST |
Chicago Machine batting - Pitching for Portland Cards : LHP José Garza
|
Pitching: LHP José Garza
|
|
Batting: RHB Pablo Sandoval
|
0-0: Ball 1-0: Called Strike 1-1: Foul Ball, location: 2F 1-2: Foul Ball, location: 2F 1-2: Strikes out swinging
|
Batting: RHB Derek Ramsey
|
0-0: Called Strike 0-1: Called Strike 0-2: Ball 1-2: Strikes out swinging
|
Batting: RHB Edward Young
|
0-0: Swinging Strike 0-1: Ball 1-1: Ball 2-1: Called Strike 2-2: Strikes out swinging
|
Bottom of the 1st over - 0 run(s), 0 hit(s), 0 error(s), 0 left on base; Portland 0 - Chicago 0 |
TOP OF THE 2ND |
Portland Cards batting - Pitching for Chicago Machine : RHP Geoffrey Keller
|
Batting: LHB Donovan Bird
|
0-0: Ball 1-0: Ball 2-0: Called Strike 2-1: Foul Ball, location: 2F 2-2: Ball 3-2: Base on Balls
|
Batting: RHB Aaron Scott
|
0-0: Ball 1-0: Swinging Strike 1-1: Ball 2-1: Foul Ball, location: 2F 2-2: SINGLE (Groundball, 34) (infield hit) Donovan Bird to second
|
Batting: LHB Tom Blake
|
0-0: Called Strike 0-1: Ball 1-1: Ground out U3 (Groundball, 3S) Donovan Bird to third Aaron Scott to second
|
Batting: RHB Germán Rosales
|
0-0: Ball 1-0: Ball 2-0: SINGLE (Flyball, 7S) Donovan Bird scores Aaron Scott to third
|
Batting: RHB Dani Vázquez
|
0-0: Ball 1-0: Ball 2-0: Ball 3-0: Base on Balls Germán Rosales to second
|
Batting: LHB John Cotton
|
0-0: Called Strike 0-1: Ball 1-1: Called Strike 1-2: Fly out, F8 (Flyball, 8LXD) Runner from 3rd tags up, SCORES, no throw Germán Rosales to third
|
Batting: LHB Keith Beard
|
0-0: Ball 1-0: Swinging Strike 1-1: Ball 2-1: Foul Ball, location: 2F 2-2: Ground out 4-3 (Groundball, 34)
|
Top of the 2nd over - 2 run(s), 2 hit(s), 0 error(s), 2 left on base; Portland 2 - Chicago 0 |
BOTTOM OF THE 2ND |
Chicago Machine batting - Pitching for Portland Cards : LHP José Garza
|
Batting: SHB Edward Bartlett
|
0-0: Ground out 4-3 (Groundball, 4M)
|
Batting: RHB Doug Stephens
|
0-0: Ball 1-0: Ball 2-0: Ball 3-0: Foul Ball, location: 2F 3-1: SINGLE (Groundball, 4MD)
|
Batting: RHB Lorenzo Guzmán
|
0-0: Ball 1-0: Foul Ball, location: 2F 1-1: Grounds into double play, 6-4-3 (Groundball, 6D)
|
Bottom of the 2nd over - 0 run(s), 1 hit(s), 0 error(s), 0 left on base; Portland 2 - Chicago 0 |
TOP OF THE 3RD |
Portland Cards batting - Pitching for Chicago Machine : RHP Geoffrey Keller
|
Batting: LHB Jeff Daniels
|
0-0: Ball 1-0: Ball 2-0: Ground out 4-3 (Groundball, 4)
|
Batting: LHB Paul Mullins
|
0-0: Ball 1-0: Ball 2-0: Ball 3-0: Base on Balls
|
Batting: LHB Donovan Bird
|
0-0: Ground out 4-3 (Groundball, 4S) Paul Mullins to second
|
Batting: RHB Aaron Scott
|
0-0: Ball 1-0: Foul Ball, location: 2F 1-1: Swinging Strike 1-2: Ball 2-2: Foul Ball, location: 2F 2-2: Ball 3-2: Strikes out looking
|
Top of the 3rd over - 0 run(s), 0 hit(s), 0 error(s), 1 left on base; Portland 2 - Chicago 0 |
BOTTOM OF THE 3RD |
Chicago Machine batting - Pitching for Portland Cards : LHP José Garza
|
Batting: RHB Roberto Cardona
|
0-0: Ball 1-0: SOLO HOME RUN (Flyball, 89XD), Distance : 426 ft
|
Batting: LHB Bob Smith
|
0-0: Called Strike 0-1: Ball 1-1: Ball 2-1: Ground out 1-3 (Groundball, 25)
|
Batting: SHB Joaquín López
|
0-0: Ball 1-0: Ground out 5-3 (Groundball, 56)
|
Batting: RHB Pablo Sandoval
|
0-0: Called Strike 0-1: Ball 1-1: Ball 2-1: Called Strike 2-2: Ball 3-2: Strikes out swinging
|
Bottom of the 3rd over - 1 run(s), 1 hit(s), 0 error(s), 0 left on base; Portland 2 - Chicago 1 |
TOP OF THE 4TH |
Portland Cards batting - Pitching for Chicago Machine : RHP Geoffrey Keller
|
Batting: LHB Tom Blake
|
0-0: Ball 1-0: Ball 2-0: Ball 3-0: SOLO HOME RUN (Flyball, 89XD), Distance : 460 ft
|
Batting: RHB Germán Rosales
|
0-0: Called Strike 0-1: Ball 1-1: Called Strike 1-2: Foul Ball, location: 2F 1-2: Strikes out looking
|
Batting: RHB Dani Vázquez
|
0-0: Foul Ball, location: 2F 0-1: Ball 1-1: Foul Ball, location: 2F 1-2: SINGLE (Groundball, 6MD)
|
Batting: LHB John Cotton
|
0-0: Ball 1-0: Ball 2-0: Ball 3-0: Called Strike 3-1: Foul Ball, location: 2F 3-2: SINGLE (Groundball, 3S) Dani Vázquez to second Runner from 2nd tries for 3rd, SAFE, throw made to third John Cotton to second
|
Batting: LHB Keith Beard
|
0-0: Ball 1-0: Ball 2-0: Called Strike 2-1: Ball 3-1: DOUBLE (Line Drive, 3D) Dani Vázquez scores John Cotton scores
|
Batting: LHB Jeff Daniels
|
0-0: Ball 1-0: Ball 2-0: Ball 3-0: Swinging Strike 3-1: Base on Balls
|
Batting: LHB Paul Mullins
|
0-0: Called Strike 0-1: Grounds into double play, 1-6-3 (Groundball, 15)
|
Top of the 4th over - 3 run(s), 4 hit(s), 0 error(s), 1 left on base; Portland 5 - Chicago 1 |
BOTTOM OF THE 4TH |
Chicago Machine batting - Pitching for Portland Cards : LHP José Garza
|
Batting: RHB Derek Ramsey
|
0-0: Ball 1-0: DOUBLE (Flyball, 78XD)
|
Batting: RHB Edward Young
|
0-0: Ball 1-0: Foul Ball, location: 2F 1-1: Foul Ball, location: 2F 1-2: Strikes out swinging
|
Batting: SHB Edward Bartlett
|
0-0: Foul Ball, location: 2F 0-1: Called Strike 0-2: Strikes out swinging
|
Batting: RHB Doug Stephens
|
0-0: Ball 1-0: Called Strike 1-1: Swinging Strike 1-2: Strikes out swinging
|
Bottom of the 4th over - 0 run(s), 1 hit(s), 0 error(s), 1 left on base; Portland 5 - Chicago 1 |
TOP OF THE 5TH |
Portland Cards batting - Pitching for Chicago Machine : RHP Geoffrey Keller
|
Batting: LHB Donovan Bird
|
0-0: SOLO HOME RUN (Line Drive, 9D), Distance : 388 ft
|
Batting: RHB Aaron Scott
|
0-0: Fly out, F4 (Popup, 4M)
|
Batting: LHB Tom Blake
|
0-0: Called Strike 0-1: Ball 1-1: Swinging Strike 1-2: Strikes out swinging
|
Batting: RHB Germán Rosales
|
0-0: Ball 1-0: Foul Ball, location: 2F 1-1: Fly out, F5 (Popup, 15S)
|
Top of the 5th over - 1 run(s), 1 hit(s), 0 error(s), 0 left on base; Portland 6 - Chicago 1 |
BOTTOM OF THE 5TH |
Chicago Machine batting - Pitching for Portland Cards : LHP José Garza
|
Batting: RHB Lorenzo Guzmán
|
0-0: Swinging Strike 0-1: Ball 1-1: Swinging Strike 1-2: Ground out 5-3 (Groundball, 56S)
|
Batting: RHB Roberto Cardona
|
0-0: Called Strike 0-1: Foul Ball, location: 2F 0-2: Foul Ball, location: 2F 0-2: Ball 1-2: Ball 2-2: Ball 3-2: Ground out 5-3 (Groundball, 56)
|
Batting: LHB Bob Smith
|
0-0: Called Strike 0-1: Foul Ball, location: 2F 0-2: DOUBLE (Flyball, 78D)
|
Batting: SHB Joaquín López
|
0-0: Ball 1-0: Ball 2-0: Ball 3-0: Called Strike 3-1: Base on Balls
|
Batting: RHB Pablo Sandoval
|
0-0: Called Strike 0-1: Ground out 4-3 (Groundball, 34)
|
Bottom of the 5th over - 0 run(s), 1 hit(s), 0 error(s), 2 left on base; Portland 6 - Chicago 1 |
TOP OF THE 6TH |
Portland Cards batting - Pitching for Chicago Machine : RHP Geoffrey Keller
|
Pitching: RHP António Mata
|
|
Batting: RHB Dani Vázquez
|
0-0: Called Strike 0-1: Foul Ball, location: 2F 0-2: Ball 1-2: Ball 2-2: Foul Ball, location: 2F 2-2: Fly out, F2 (Popup, 23F)
|
Batting: LHB John Cotton
|
0-0: Ball 1-0: Foul Ball, location: 2F 1-1: Ground out 4-3 (Groundball, 34)
|
Batting: LHB Keith Beard
|
0-0: Swinging Strike 0-1: Ball 1-1: Ball 2-1: Swinging Strike 2-2: Ground out 6-3 (Groundball, 6S)
|
Top of the 6th over - 0 run(s), 0 hit(s), 0 error(s), 0 left on base; Portland 6 - Chicago 1 |
BOTTOM OF THE 6TH |
Chicago Machine batting - Pitching for Portland Cards : LHP José Garza
|
Batting: RHB Derek Ramsey
|
0-0: Called Strike 0-1: Foul Ball, location: 2F 0-2: Ball 1-2: Strikes out swinging
|
Batting: RHB Edward Young
|
0-0: Ball 1-0: Ball 2-0: Ball 3-0: Called Strike 3-1: Base on Balls
|
Batting: SHB Edward Bartlett
|
0-0: Ball 1-0: SINGLE (Groundball, 15S) (infield hit) Edward Young to second
|
Batting: RHB Doug Stephens
|
0-0: Ball 1-0: Called Strike 1-1: Fly out, F8 (Flyball, 8LXD) Runner from 2nd tags up, SAFE at 3rd, no throw
|
Batting: RHB Lorenzo Guzmán
|
0-0: Swinging Strike 0-1: Foul Ball, location: 2F 0-2: Ball 1-2: Strikes out looking
|
Bottom of the 6th over - 0 run(s), 1 hit(s), 0 error(s), 2 left on base; Portland 6 - Chicago 1 |
TOP OF THE 7TH |
Portland Cards batting - Pitching for Chicago Machine : RHP António Mata
|
Batting: LHB Jeff Daniels
|
0-0: Ball 1-0: Foul Ball, location: 2F 1-1: Ball 2-1: Ball 3-1: Base on Balls
|
Batting: LHB Paul Mullins
|
0-0: Called Strike 0-1: SINGLE (Popup, 6MD) Jeff Daniels to second
|
Batting: LHB Donovan Bird
|
0-0: Ball 1-0: Foul Ball, location: 2F 1-1: Foul Ball, location: 2F 1-2: Ball 2-2: Ball 3-2: Base on Balls Jeff Daniels to third Paul Mullins to second
|
Batting: RHB Aaron Scott
|
0-0: Ball 1-0: Fly out, F9 (Line Drive, 9LM)
|
Batting: LHB Tom Blake
|
0-0: Ball 1-0: Swinging Strike 1-1: Swinging Strike 1-2: Ball 2-2: Ball 3-2: Strikes out swinging
|
Pitching: RHP Clint Tancock
|
|
Batting: RHB Germán Rosales
|
0-0: Foul Ball, location: 2F 0-1: Ball 1-1: Ball 2-1: Fly out, F7 (Line Drive, 7LM)
|
Top of the 7th over - 0 run(s), 1 hit(s), 0 error(s), 3 left on base; Portland 6 - Chicago 1 |
BOTTOM OF THE 7TH |
Chicago Machine batting - Pitching for Portland Cards : LHP José Garza
|
Batting: RHB Roberto Cardona
|
0-0: Called Strike 0-1: SOLO HOME RUN (Flyball, 7LD), Distance : 387 ft
|
Batting: LHB Bob Smith
|
0-0: Called Strike 0-1: Ball 1-1: Ground out U3 (Groundball, 3L)
|
Batting: SHB Joaquín López
|
0-0: Called Strike 0-1: Ball 1-1: Ball 2-1: Swinging Strike 2-2: Foul Ball, location: 2F 2-2: Strikes out swinging
|
Batting: RHB Pablo Sandoval
|
0-0: Swinging Strike 0-1: SINGLE (Flyball, 6MD)
|
Batting: RHB Derek Ramsey
|
0-0: Foul Ball, location: 2F 0-1: Called Strike 0-2: Foul Ball, location: 2F 0-2: Fielders Choice at 2nd, 6-4 (Groundball, 6)
|
Bottom of the 7th over - 1 run(s), 2 hit(s), 0 error(s), 0 left on base; Portland 6 - Chicago 2 |
TOP OF THE 8TH |
Portland Cards batting - Pitching for Chicago Machine : RHP Clint Tancock
|
Batting: RHB Dani Vázquez
|
0-0: Ball 1-0: Ball 2-0: Called Strike 2-1: Ball 3-1: Ground out 4-3 (Groundball, 4)
|
Batting: LHB John Cotton
|
0-0: Ground out 4-3 (Groundball, 4)
|
Batting: LHB Keith Beard
|
0-0: Ball 1-0: Called Strike 1-1: Foul Ball, location: 2F 1-2: Ball 2-2: Ball 3-2: Ground out 4-3 (Groundball, 4M)
|
Top of the 8th over - 0 run(s), 0 hit(s), 0 error(s), 0 left on base; Portland 6 - Chicago 2 |
BOTTOM OF THE 8TH |
Chicago Machine batting - Pitching for Portland Cards : LHP José Garza
|
Pitching: RHP Armen Boyajian
|
|
Batting: RHB Edward Young
|
0-0: Ball 1-0: Ball 2-0: Ball 3-0: Called Strike 3-1: SINGLE (Groundball, 6MD) (infield hit)
|
Batting: SHB Edward Bartlett
|
0-0: Called Strike 0-1: Called Strike 0-2: Ball 1-2: Foul Ball, location: 2F 1-2: Ball 2-2: Ball 3-2: SINGLE (Groundball, 34S) Edward Young to second Runner from 2nd tries for 3rd, SAFE, no throw or cutoff
|
Batting: RHB Doug Stephens
|
0-0: Foul Ball, location: 2F 0-1: Called Strike 0-2: Ball 1-2: SINGLE (Groundball, 4M) Edward Young scores Edward Bartlett to second
|
Batting: RHB Lorenzo Guzmán
|
0-0: Ball 1-0: Ground out 5-3 (Groundball, 5S) Edward Bartlett to third Doug Stephens to second
|
Batting: RHB Roberto Cardona
|
0-0: Ball 1-0: Ball 2-0: Ball 3-0: Base on Balls
|
Pitching: LHP Valentín Reséndez
|
|
Batting: LHB Bob Smith
|
0-0: Called Strike 0-1: Swinging Strike 0-2: Grounds into double play, 4-6-3 (Groundball, 4)
|
Bottom of the 8th over - 1 run(s), 3 hit(s), 0 error(s), 2 left on base; Portland 6 - Chicago 3 |
TOP OF THE 9TH |
Portland Cards batting - Pitching for Chicago Machine : RHP Clint Tancock
|
Pitching: RHP Víctor Reyes
|
|
Batting: LHB Jeff Daniels
|
0-0: Called Strike 0-1: Ball 1-1: Ball 2-1: DOUBLE (Line Drive, 6D)
|
Batting: LHB Paul Mullins
|
0-0: Called Strike 0-1: Foul Ball, location: 2F 0-2: Strikes out swinging
|
Batting: LHB Donovan Bird
|
0-0: Foul Ball, location: 2F 0-1: Ball 1-1: Swinging Strike 1-2: Ball 2-2: Ball 3-2: Fly out, F9 (Flyball, 89D)
|
Batting: RHB Aaron Scott
|
0-0: Foul Ball, location: 2F 0-1: Ball 1-1: Called Strike 1-2: Ball 2-2: Ground out 5-3 (Groundball, 56)
|
Top of the 9th over - 0 run(s), 1 hit(s), 0 error(s), 1 left on base; Portland 6 - Chicago 3 |
BOTTOM OF THE 9TH |
Chicago Machine batting - Pitching for Portland Cards : LHP Valentín Reséndez
|
Pitching: RHP Steve Griffin
|
|
Batting: SHB Joaquín López
|
0-0: Ball 1-0: Swinging Strike 1-1: Called Strike 1-2: Ball 2-2: Foul Ball, location: 2F 2-2: Strikes out swinging
|
Batting: RHB Pablo Sandoval
|
0-0: Ball 1-0: Reached on error, E5 (Groundball, 56)
|
Batting: RHB Derek Ramsey
|
0-0: Ball 1-0: Fly out, F9 (Flyball, 89S)
|
Batting: RHB Edward Young
|
0-0: Called Strike 0-1: Ball 1-1: Foul Ball, location: 2F 1-2: Strikes out looking
|
Bottom of the 9th over - 0 run(s), 0 hit(s), 1 error(s), 1 left on base; Portland 6 - Chicago 3 |
|